 Dungeon Crawl Stone Soup version 0.23-a0-130-g0e7800e (console) character file.

25976 nht the Slicer (level 12, -9/97 HPs)
             Began as a Demonspawn Monk on Aug 27, 2018.
             Was a High Priest of Nemelex Xobeh.
             Shot with a bolt by an orc warrior (12 damage)
             ... on level 2 of the Orcish Mines.
             The game lasted 00:38:39 (12045 turns).

nht the Slicer (Demonspawn Monk)                   Turns: 12045, Time: 00:38:52

Health: -9/97      AC: 19    Str: 13    XL:     12   Next: 94%
Magic:  18/18      EV: 13    Int: 12    God:    Nemelex Xobeh [*****.]
Gold:   788        SH:  0    Dex: 20    Spells: 11/11 levels left

rFire    . . .     SeeInvis .   a - +4 dagger (elec)
rCold    . . .     Gourm    .   (no shield)
rNeg     . . .     Faith    .   Y - +5 scale mail of Somewhere Else {Int-3 Dex+4}
rPois    .         Spirit   .   T - +1 hat
rElec    .         Reflect  .   R - +2 cloak
rCorr    .         Harm     .   (no gloves)
MR       .....                  (no boots)
Stlth    +++++++...             M - amulet of regeneration
HPRegen  0.66/turn              (no ring)
MPRegen  0.16/turn              G - ring of Shadows {Umbra +Inv Stlth+}

@: very slightly contaminated, wreathed by umbra
A: horns 2, slimy green scales 2, nightstalker 1, spiny 2
a: Triple Draw, Deal Four, Stack Five, Renounce Religion, Evoke Invisibility


You were on level 2 of the Orcish Mines.
You worshipped Nemelex Xobeh.
Nemelex Xobeh was extremely pleased with you.
You were very hungry.

You visited 2 branches of the dungeon, and saw 15 of its levels.
You also visited: Labyrinth and Ice Cave.

You collected 1151 gold pieces.
You spent 363 gold pieces at shops.

Inventory:

Hand Weapons
 a - a +4 dagger of electrocution (weapon)
 N - a +0 scimitar of electrocution
Missiles
 m - 7 poisoned javelins
 s - 4 javelins of penetration (quivered)
 y - 11 javelins
 K - 2 needles of sleeping
 L - 2 throwing nets
 P - 9 tomahawks
 U - 2 poisoned tomahawks
Armour
 R - a +2 cloak (worn)
 T - a +1 hat (worn)
 Y - the +5 scale mail of Somewhere Else (worn) {Int-3 Dex+4}
   (You bought it in a shop on level 10 of the Dungeon)

   It affects your intelligence (-3).
   It affects your dexterity (+4).
Jewellery
 c - an uncursed ring of see invisible
 k - an uncursed ring of protection from fire
 G - the ring of Shadows (right hand) {Umbra +Inv Stlth+}
   (You took it off a minotaur in a labyrinth)

   [ring of stealth]

   It lets you turn invisible.
   It makes you more stealthy.
 M - an amulet of regeneration (around neck)
 X - an uncursed ring of protection from fire
Wands
 i - a wand of polymorph (13)
 n - a wand of digging (9)
 z - a wand of enslavement (9)
Scrolls
 e - 4 scrolls of identify
 g - 7 scrolls of remove curse
 h - 3 scrolls of fear
 o - 5 scrolls of teleportation
 B - a scroll of magic mapping
 D - 3 scrolls of enchant armour
 V - a scroll of blinking
Potions
 d - 4 potions of heal wounds
 j - a potion of berserk rage
 l - 5 potions of flight
 v - 6 potions of curing
 x - a potion of haste
 E - 2 potions of brilliance
 O - a potion of mutation
 S - a potion of agility
Miscellaneous
 f - a lamp of fire
 q - a legendary deck of destruction {drawn: 1}
 t - a plain deck of summoning
 u - an ornate deck of destruction
 w - a plain deck of summoning
 A - an ornate deck of destruction {drawn: 2}
 F - a legendary deck of destruction
 H - an ornate deck of escape
 W - a legendary deck of destruction
 Z - an ornate deck of destruction {drawn: 1}
Comestibles
 b - 29 rations


   Skills:
 - Level 10.0 Fighting
 - Level 10.0(10.8) Short Blades
 * Level 6.6(9.3) Long Blades
 - Level 6.0 Armour
 - Level 6.5 Dodging
 + Level 8.5 Stealth
 - Level 3.9 Unarmed Combat
 + Level 8.2 Evocations


You had 11 spell levels left.
You didn't know any spells.
Your spell library contained the following spells:

 Spells                   Type           Power        Failure   Level  Hunger
 Animate Skeleton         Necr           N/A          80%         1    ##.....
 Apportation              Tloc           #.....       80%         1    ##.....
 Confusing Touch          Hex            #.....       80%         1    ##.....
 Summon Small Mammal      Summ           #...         80%         1    ##.....
 Blink                    Tloc           N/A          90%         2    ###....
 Shroud of Golubria       Chrm/Tloc      #.........   90%         2    ###....
 Gell's Gravitas          Tloc           #.........   99%         3    ####...
 Lesser Beckoning         Tloc           #.........   99%         3    ####...
 Teleport Other           Tloc           #.......     99%         3    ####...
 Passage of Golubria      Tloc           N/A          100%        4    #####..


Dungeon Overview and Level Annotations

Branches:
Dungeon (13/15)            Temple (0/1) D:4            Lair (0/6) D:9
    Orc (2/2) D:11
    Elf: Orc:2       Vaults: D:13-14

Altars:
Ashenzari
Kikubaaqudgha
Nemelex Xobeh
Qazlal
Sif Muna
Yredelemnul
Beogh

Shops:
D:5 =*   D:10 [

Portals:
Trove: D:12 (give 16 scrolls of identify)


Innate Abilities, Weirdness & Mutations

You have a pair of horns on your head.
You are mostly covered in slimy green scales. (AC +3)
You are slightly more attuned to the shadows.
You are mostly covered in sharp spines.


Message History

The bolt hits your rakshasa but does no damage.
The orc warrior shoots a bolt.
The bolt barely misses your rakshasa. The bolt hits your merfolk javelineer!!
Your merfolk javelineer dies!
Your merfolk javelineer's corpse disappears in a puff of smoke!
You hear a shout!
Unknown command.
You fail to use your ability.
The orc warrior shoots a bolt.
The bolt barely misses your rakshasa. The bolt barely misses your faun.
The bolt hits you!
* * * LOW HITPOINT WARNING * * *
Your rakshasa blinks!
Your rakshasa hits the orc warrior with a whip of venom!
The orc warrior looks as sick as possible!
Your rakshasa gestures at the orc knight.
The orb of energy hits the orc knight.
The orc warrior shoots a bolt.
The bolt barely misses your executioner's axe of speed.
The bolt hits you!
You die...
Your body glows with a rainbow of weird colours and disappears.

.............).....
....................
......................
...(...)...........█.█
.........)..........██
....o(.)oo§§.........█
...)(..oo§((§.......██
..)..)))oR.((........█
.....)))o(((c(@.......
.....)$.R.().(........
...)........((........
......................
........).............
......................
.....................
.................
.............


You could see an orc knight, 4 orc warriors, 2 friendly rakshasas, a friendly
faun and 2 friendly dancing weapons.

Vanquished Creatures
  Gastronok (D:8)
  The ghost of Oddysee the Blocker, a journeyman GrFi of Uskayaw (D:12)
  The ghost of HydraWiggins the Thaumaturge, a journeyman GnVM of Vehumet (D:12)
  A hydra (D:13)
  A two-headed ogre (D:12)
  An orc high priest (Orc:1)
  A deep elf mage (D:13)
  A manticore (D:12)
  An ugly thing (D:12)
  An ice statue (IceCv)
  Joseph (D:7)
  5 kobold demonologists
  A komodo dragon (D:11)
  2 freezing wraiths
  5 trolls
  A hornet (D:13)
  Grinder (D:5)
  4 hippogriffs
  Prince Ribbit (D:5)
  A spriggan (D:7)
  Sigmund (D:3)
  A wraith (D:12)
  A basilisk (D:12)
  Eustachio (D:5)
  2 vampire mosquitoes (D:12)
  Grum (D:10)
  Menkaure (D:4)
  3 wargs
  2 water moccasins
  2 porcupines (D:9)
  2 black bears (D:9)
  3 ice beasts
  15 orc warriors
  5 phantoms
  3 sky beasts
  2 eyes of draining
  A hornet zombie (D:13)
  4 wolves (D:10)
  4 ogres
  15 centaurs
  A crocodile (D:12)
  5 big kobolds
  Blork the orc (D:5)
  5 bullfrogs
  A water moccasin zombie (D:11)
  3 scorpions
  3 killer bees (D:12)
  13 wights
  3 howler monkeys
  3 crimson imps
  2 bullfrog zombies
  3 centaur zombies
  13 orc priests
  3 bullfrog skeletons
  4 centaur skeletons
  2 jellies
  Crazy Yiuf (D:5)
  Jessica (D:3)
  Ijyb (D:3)
  5 iguanas
  21 orc wizards
  5 worker ants
  A hound skeleton (D:11)
  A howler monkey skeleton (D:11)
  A worker ant zombie (D:5)
  6 gnolls
  14 adders
  2 shadow imps
  An ooze (D:1)
  3 adder skeletons
  5 worms
  3 dart slugs
  6 leopard geckos
  81 orcs
  8 bats
  7 giant cockroaches
  8 goblins
  5 hobgoblins
  18 jackals
  22 kobolds
  A quokka (D:3)
  A ball python (D:1)
  3 frilled lizards
  A jackal skeleton (D:4)
  A leopard gecko skeleton (D:4)
  A leopard gecko zombie (D:7)
  A quokka skeleton (D:8)
  10 rats
411 creatures vanquished.

Vanquished Creatures (collateral kills)
  A minotaur (Lab)
  Harold (D:7)
  2 two-headed ogres
  2 ugly things (IceCv)
  An elephant (D:8)
  An ice statue (IceCv)
  A troll (Orc:1)
  2 centaurs (Orc:2)
  A porcupine (D:9)
  6 ice beasts
  4 orc warriors
  A black bear (D:9)
  2 crocodiles (D:9)
  A scorpion (D:9)
  A jelly (D:6)
  5 orc priests
  2 orc wizards
  12 orcs
  A jackal (D:6)
  2 fungi (D:9)
49 creatures vanquished.

Vanquished Creatures (others)
  An orc warrior (Orc:1)
  5 centaurs (Orc:2)
  2 orc wizards (Orc:2)
  5 fungi (D:9)
  4 plants (D:9)
17 creatures vanquished.

Grand Total: 477 creatures vanquished

Notes
Turn   | Place    | Note
-------+----------+-------------------------------------------
     0 | D:1      | nht the Demonspawn Monk began the quest for the Orb.
     0 | D:1      | Reached XP level 1. HP: 18/18 MP: 1/1
    59 | D:1      | Gained mutation: You are slightly more attuned to the
                  | shadows. [demonic ancestry]
    59 | D:1      | Reached XP level 2. HP: 12/24 MP: 2/2
   653 | D:1      | Reached XP level 3. HP: 29/29 MP: 3/3
  1162 | D:2      | Reached skill level 1 in Short Blades
  1400 | D:2      | Gained mutation: You have a pair of small horns on your
                  | head. [demonic ancestry]
  1400 | D:2      | Reached XP level 4. HP: 24/35 MP: 4/4
  1741 | D:2      | Found a stormy altar of Qazlal.
  2044 | D:3      | Found a sparkling altar of Nemelex Xobeh.
  2044 | D:3      | Noticed Sigmund
  2054 | D:3      | Killed Sigmund
  2054 | D:3      | Gained mutation: You are partially covered in slimy green
                  | scales. (AC +2) [demonic ancestry]
  2054 | D:3      | Reached XP level 5. HP: 25/41 MP: 5/5
  2075 | D:3      | Became a worshipper of Nemelex Xobeh the Trickster
  2075 | D:3      | Received a gift from Nemelex Xobeh
  2075 | D:3      | Received a gift from Nemelex Xobeh
  2075 | D:3      | Reached * piety under Nemelex Xobeh
  2075 | D:3      | Reached ** piety under Nemelex Xobeh
  2144 | D:3      | Reached XP level 6. HP: 37/47 MP: 6/6
  2224 | D:3      | Noticed Jessica
  2233 | D:3      | Killed Jessica
  2242 | D:3      | Noticed Ijyb
  2259 | D:3      | Killed Ijyb
  2368 | D:3      | Reached skill level 5 in Short Blades
  2592 | D:4      | Gained mutation: You are partially covered in sharp spines.
                  | [demonic ancestry]
  2592 | D:4      | Reached XP level 7. HP: 47/52 MP: 7/7
  2635 | D:4      | Received a gift from Nemelex Xobeh
  2647 | D:4      | Found a staircase to the Ecumenical Temple.
  2791 | D:4      | Noticed Menkaure
  2800 | D:4      | Killed Menkaure
  3063 | D:5      | Entered Level 5 of the Dungeon
  3087 | D:5      | Reached XP level 8. HP: 54/58 MP: 8/8
  3108 | D:5      | Received a gift from Nemelex Xobeh
  3152 | D:5      | Noticed Grinder
  3172 | D:5      | Killed Grinder
  3191 | D:5      | HP: 1/58 [ice beast (9)]
  3611 | D:5      | Found Ammeth's Jewellery Boutique.
  3666 | D:5      | Noticed Prince Ribbit
  3670 | D:5      | Killed Prince Ribbit
  3758 | D:5      | Reached *** piety under Nemelex Xobeh
  3861 | D:5      | Noticed Eustachio
  3872 | D:5      | Killed Eustachio
  3965 | D:5      | Received a gift from Nemelex Xobeh
  3974 | D:5      | Noticed Blork the orc
  3979 | D:5      | Killed Blork the orc
  3979 | D:5      | Reached skill level 10 in Short Blades
  4024 | D:5      | Found Yteone's General Store.
  4028 | D:5      | Bought a scroll of identify for 24 gold pieces
  4028 | D:5      | Bought a scroll of identify for 24 gold pieces
  4089 | D:5      | Got a thick robe
  4100 | D:5      | Identified the +2 robe "Unetrodgh" {rN+ Str+4 Int+5} (You
                  | found it on level 5 of the Dungeon)
  4130 | D:5      | Found a runed door.
  4290 | D:5      | Noticed Crazy Yiuf
  4297 | D:5      | Killed Crazy Yiuf
  4434 | D:6      | Received a gift from Nemelex Xobeh
  4535 | D:6      | Gained mutation: You are mostly covered in sharp spines.
                  | [demonic ancestry]
  4535 | D:6      | Reached XP level 9. HP: 62/64 MP: 9/9
  5078 | D:6      | Received a gift from Nemelex Xobeh
  5155 | D:7      | Reached skill level 1 in Evocations
  5315 | D:7      | Noticed Joseph
  5326 | D:7      | Killed Joseph
  5485 | D:7      | Reached **** piety under Nemelex Xobeh
  5489 | D:7      | Noticed Harold
  5496 | D:7      | Killed Harold
  5594 | D:7      | Found an ancient bone altar of Kikubaaqudgha.
  5744 | D:7      | Reached skill level 5 in Fighting
  6077 | D:7      | Received a gift from Nemelex Xobeh
  6237 | D:8      | You fall through a shaft!
  6403 | D:9      | Gained mutation: You are mostly covered in slimy green
                  | scales. (AC +3) [demonic ancestry]
  6403 | D:9      | Reached XP level 10. HP: 55/74 MP: 12/12
  6407 | D:9      | Found a staircase to the Lair.
  6426 | D:9      | Reached skill level 5 in Dodging
  6518 | D:8      | Reached skill level 5 in Stealth
  6730 | D:8      | Received a gift from Nemelex Xobeh
  6761 | D:8      | Noticed a two-headed ogre
  6762 | D:8      | Noticed an elephant
  6762 | D:8      | a two-headed ogre changed into an elephant
  6767 | D:8      | Killed an elephant
  6887 | D:8      | Noticed Gastronok
  6903 | D:8      | Killed Gastronok
  6903 | D:8      | Reached skill level 5 in Evocations
  7037 | D:8      | Found a roughly hewn altar of Beogh.
  7190 | D:8      | Found a deep blue altar of Sif Muna.
  7192 | D:8      | Found a basalt altar of Yredelemnul.
  7271 | D:9      | Received a gift from Nemelex Xobeh
  7541 | D:10     | Entered Level 10 of the Dungeon
  7541 | D:10     | Noticed Grum
  7557 | D:10     | how is deck spam still in the game?
  7570 | D:10     | Killed Grum
  7572 | D:10     | Reached XP level 11. HP: 80/84 MP: 15/15
  7656 | D:10     | Reached ***** piety under Nemelex Xobeh
  7656 | D:10     | Found Fihaim's Antique Armour Shop.
  7663 | D:10     | Bought a warped scale mail for 315 gold pieces
  7673 | D:10     | Identified the +5 scale mail of Somewhere Else {Int-3
                  | Dex+4} (You bought it in a shop on level 10 of the Dungeon)
  7842 | D:10     | Received a gift from Nemelex Xobeh
  7978 | D:10     | Noticed a two-headed ogre
  7991 | D:10     | Killed a two-headed ogre
  7991 | D:10     | Reached skill level 1 in Armour
  8201 | D:11     | Found a frozen archway.
  8264 | IceCv    | Entered an ice cave
  8264 | IceCv    | Noticed a white ugly thing
  8283 | IceCv    | Killed a white ugly thing
  8285 | IceCv    | Found a transporter.
  8298 | IceCv    | Got a brightly glowing robe
  8357 | IceCv    | Noticed a white ugly thing
  8367 | IceCv    | Killed a white ugly thing
  8386 | IceCv    | Found a transporter.
  8670 | D:11     | Found a staircase to the Orcish Mines.
  8801 | D:11     | Identified the +3 robe of Vlad {rC- MR+ Int+2 Dex+2} (You
                  | found it in an ice cave)
  9066 | D:12     | Received a gift from Nemelex Xobeh
  9136 | D:12     | Noticed a soul eater
  9167 | D:12     | Reached skill level 5 in Armour
  9264 | D:12     | Noticed a two-headed ogre
  9267 | D:12     | Killed a two-headed ogre
  9360 | D:12     | Found a labyrinth entrance.
  9368 | Lab      | Entered a labyrinth
  9703 | Lab      | Received a gift from Nemelex Xobeh
  9705 | Lab      | rock shatters?
  9723 | Lab      | Noticed a minotaur
  9735 | Lab      | Killed a minotaur
  9820 | D:12     | Found a portal to a secret trove of treasure.
  9871 | D:12     | Gained mutation: You have a pair of horns on your head.
                  | [demonic ancestry]
  9871 | D:12     | Reached XP level 12. HP: 88/97 MP: 16/16
  9893 | D:12     | Reached skill level 1 in Long Blades
  9951 | D:12     | Reached skill level 10 in Fighting
 10289 | D:12     | Found a runed gate.
 10289 | D:12     | Found a runed gate.
 10289 | D:12     | Found a runed gate.
 10518 | D:12     | Noticed HydraWiggins's ghost (journeyman GnVM)
 10519 | D:12     | Noticed Oddysee's ghost (journeyman GrFi)
 10535 | D:12     | Killed Oddysee's ghost
 10540 | D:12     | Killed HydraWiggins's ghost
 10599 | D:13     | Found a shattered altar of Ashenzari.
 10666 | D:13     | Noticed a four-headed hydra
 10673 | D:13     | Killed a four-headed hydra
 10794 | D:13     | Reached skill level 5 in Long Blades
 10953 | D:13     | Received a gift from Nemelex Xobeh
 11082 | Orc:1    | Entered Level 1 of the Orcish Mines
 11284 | Orc:1    | Noticed a two-headed ogre
 11295 | Orc:1    | Killed a two-headed ogre
 11307 | Orc:1    | Found a roughly hewn altar of Beogh.
 11465 | Orc:2    | Entered Level 2 of the Orcish Mines
 11698 | Orc:1    | Noticed an orc high priest
 11718 | Orc:1    | Killed an orc high priest
 11761 | Orc:1    | Received a gift from Nemelex Xobeh
 12045 | Orc:2    | HP: 3/97 [orc warrior/bolt (17)]
 12045 | Orc:2    | Shot with a bolt by an orc warrior

Vault maps used:
D:1:      kennysheep_arrival_seaside
D:2:      marbit_many_paths
D:3:      first_ration, nemelex_xobeh_ov_fountains_minmay, uniq_ijyb,
          uniq_jessica, uniq_sigmund
D:4:      temple_green, uniq_menkaure
D:5:      serial_shops, shop, nicolae_shop_statue_plus, uniq_prince_ribbit1,
          uniq_blork_the_orc, uniq_grinder, uniq_crazy_yiuf_cottage,
          uniq_eustachio
D:7:      kennysheep_mini, the_bakery, uniq_joseph, uniq_harold
D:8:      minitemple, special_room, uniq_gastronok
D:9:      due_lair_maze_entry_diamond, hex_medium
D:10:     serial_shops, shop, uniq_grum
D:11:     orc_0_dummy, portal_ice_cave_entry_pillars_2, minmay_misc_feat_tiny
D:12:     enter_trove_2, lab_entry_generic, gammafunk_ghost_cemetery
D:13:     basic_altar
Orc:1:    basic_altar, lemuel_statue_altar
Orc:2:    st_orc_rangers, serial_shops, shop
Lab:      labyrinth_spiral, nicolae_lab_t_cross, labyrinth_skeletal_remains,
          nicolae_lab_garden
IceCv:    ice_cave_statue_garden_transporter

Skill      XL: |  1  2  3  4  5  6  7  8  9 10 11 12 |
---------------+-------------------------------------+-----
Unarmed Combat | 3 |  3.9
Short Blades   | 1 4 6 8 10 | 10.0
Stealth        | 2 4 6 8 |  8.5
Dodging        | 4 6 |  6.5
Evocations     | 3 6 8 |  8.2
Fighting       | 5 7 9 10 | 10.0
Armour         | 6 |  6.0
Long Blades    | 6 |  6.6

Action                   |  1- 3 |  4- 6 |  7- 9 | 10-12 || total
-------------------------+-------+-------+-------+-------++-------
Melee: Unarmed           |    78 |       |       |       ||    78
       Punch             |     2 |     2 |     2 |    17 ||    23
       Dagger            |    57 |   159 |   210 |   576 ||  1002
       Headbutt          |       |    22 |    28 |   117 ||   167
 Abil: Evoke Invisibilit |       |       |       |     9 ||     9
Evoke: Deck              |       |       |     6 |    41 ||    47
       Wand              |       |       |     1 |    43 ||    44
  Use: Potion            |     1 |     1 |     1 |       ||     3
       Scroll            |       |     2 |    11 |     9 ||    22
 Stab: Sleeping          |     5 |     7 |    20 |    42 ||    74
       Distracted        |       |       |     5 |     4 ||     9
       Confused          |       |       |       |     2 ||     2
       Invisible         |       |       |       |    15 ||    15
  Eat: Chunk             |     2 |     4 |    11 |    17 ||    34
       Ration            |       |       |       |     1 ||     1
Armor: Robe              |    12 |     5 |    17 |    16 ||    50
       Plate armour      |    54 |    84 |       |       ||   138
       Scale mail        |       |       |       |   142 ||   142
Dodge: Dodged            |    55 |    33 |    61 |   240 ||   389

Table legend:
 A = Non-vault XP
 B = Vault XP
 C = Vault XP percentage of total XP
 D = Non-vault monster count
 E = Vault monster count
 F = Vault count percentage of total count
                 A         B        C        D         E       F
            +---------+---------+-------+---------+---------+-------
      Total |   25923 |   11186 |  30.1 |     396 |      64 |  13.9
            +---------+---------+-------+---------+---------+-------
        D:1 |      43 |       0 |   0.0 |      23 |       0 |   0.0
        D:2 |      78 |       2 |   2.5 |      26 |       1 |   3.7
        D:3 |      95 |     281 |  74.7 |      30 |       3 |   9.1
        D:4 |     671 |     172 |  20.4 |      27 |       1 |   3.6
        D:5 |     449 |     848 |  65.4 |       8 |       5 |  38.5
        D:6 |     333 |       0 |   0.0 |      21 |       0 |   0.0
        D:7 |     649 |    1456 |  69.2 |      26 |       3 |  10.3
        D:8 |    1057 |    2359 |  69.1 |      13 |      16 |  55.2
        D:9 |     893 |    1067 |  54.4 |      21 |      12 |  36.4
       D:10 |    1021 |     575 |  36.0 |       9 |       5 |  35.7
       D:11 |    2346 |       0 |   0.0 |      24 |       0 |   0.0
       D:12 |    8455 |    1967 |  18.9 |      62 |       2 |   3.1
       D:13 |    4902 |       0 |   0.0 |      30 |       0 |   0.0
      Orc:1 |    3801 |       0 |   0.0 |      49 |       0 |   0.0
      Orc:2 |    1130 |     303 |  21.1 |      27 |       5 |  15.6
        Lab |       0 |     596 | 100.0 |       0 |       1 | 100.0
      IceCv |       0 |    1560 | 100.0 |       0 |      10 | 100.0
            +---------+---------+-------+---------+---------+-------
